 Dungeon Crawl Stone Soup version 0.31-a0-133-gaae73658be (webtiles) character file.

Game seed: 4969759520438578954

109 avis the Insei (level 4, -2/29 HPs)
             Began as an Octopode Transmuter on June 2, 2023.
             Slain by an orc priest
             ... wielding a +0 flail
              (11 damage)
             ... on level 3 of the Dungeon.
             The game lasted 00:16:25 (2087 turns).

avis the Insei (Octopode Transmuter)                Turns: 2087, Time: 00:16:26

Health: -2/29      AC:  2    Str:  9    XL:     4   Next: 90%
Magic:  5/7        EV: 13    Int: 15    God:
Gold:   84         SH:  0    Dex: 14    Spells: 2/8 levels left

rFire   . . .        a - +4 dagger
rCold   . . .        (no shield)
rNeg    . . .        j - +1 hat
rPois   .            (no amulet)
rElec   .            (no ring)
rCorr   .            (no ring)
SInv    .            (no ring)
Will    .....        (no ring)
Stlth   +++          (no ring)
HPRegen 0.24/turn    (no ring)
MPRegen 0.10/turn    (no ring)
                     (no ring)

%: no passive effects
@: no status effects
A: almost no armour, amphibious, 8 rings, camouflage 1, gelatinous body 1,
(nimble swimmer 1), tentacles
a: no special abilities


You were on level 3 of the Dungeon.
You visited 1 branch of the dungeon, and saw 3 of its levels.

You collected 84 gold pieces.

Inventory:

Hand Weapons
 a - a +4 dagger (weapon)
 w - a +2 dagger of holy wrath
Missiles
 e - 4 atropa-tipped darts
 i - 3 poisoned darts
Armour
 j - a +1 hat (worn)
Scrolls
 b - a scroll of blinking {unknown}
 c - a scroll of noise {unknown}
 d - a scroll of acquirement {unknown}
 f - a scroll of magic mapping {unknown}
 g - 2 scrolls of identify {unknown}
 h - a scroll of brand weapon {unknown}
Potions
 k - a potion of lignification


   Skills:
 - Level 2.0 Fighting
 + Level 2.5 Dodging
 + Level 1.7 Stealth
 + Level 3.4 Unarmed Combat
 + Level 2.5 Spellcasting
 + Level 2.7 Transmutations
 + Level 1.1 Poison Magic


You had 2 spell levels left.
You knew the following spells:

 Your Spells              Type           Power      Damage    Failure   Level
a - Beastly Appendage     Tmut           20%        N/A       7%          1
e - Wereblood             Tmut           10%        N/A       11%         2
p - Spider Form           Tmut/Pois      7%         N/A       28%         3

Your spell library contained the following spells:

 Spells                   Type           Power      Damage    Failure   Level
 Magic Dart               Conj           4%         1d3       22%         1
 Summon Small Mammal      Summ           4%         N/A       22%         1
 Searing Ray              Conj           2%         2d4       32%         2
 Call Canine Familiar     Summ           1%         N/A       54%         3
 Summon Guardian Golem    Hex/Summ       1%         N/A       54%         3
 Ice Form                 Ice/Tmut       6%         N/A       75%         4
 Fulminant Prism          Conj/Hex       0%         3d5       91%         4


Dungeon Overview and Level Annotations

Branches:
Dungeon (3/15)

Altars:
Yredelemnul


Innate Abilities, Weirdness & Mutations

You cannot wear most types of armour.
You are amphibious.
You can wear up to eight rings at the same time.
Your skin changes colour to match your surroundings (Stealth+).
Your rubbery body absorbs attacks. (AC +1, EV +1)
((You are camouflaged when in or above water. (Stealth+)))
You have tentacles for arms and can constrict up to eight enemies at once.


Message History

Found a stone staircase leading down.
Casting: Beastly Appendage (safe; 7% risk of failure)
Confirm with . or Enter, or press ? or * to list all spells.
The spell is extremely dangerous to miscast (28% risk of failure)!
Continue anyway?
You turn into a venomous arachnid creature.
Your +4 dagger melds into your body.
Your +1 hat melds into your body.
Your transformation is almost over.
The orc priest shouts!
The orc shouts!
You hear a shout!
An orc comes into view. It is wielding a +0 falchion.
The orc priest mumbles some strange prayers to Beogh against you.
Beogh smites you!
There is an open door here.
An orc comes into view. It is wielding a +0 flail.
You hit the orc.
The orc is poisoned.
The orc is moderately wounded.
The orc priest looks encouraged for a moment.
The orc shouts!
You bite the orc!
You kill the orc!
Training target 2.0 for Fighting reached!
Your Fighting skill increases to level 2!
You hit the orc.
The orc is poisoned.
The orc is heavily wounded.
The orc hits you with a +0 dagger.
You hit the orc.
You kill the orc!
The orc priest mumbles some strange prayers to Beogh against you.
Pain shoots through your body!
You barely miss the orc. The orc completely misses you.
Unknown command.
You bite the orc!
You kill the orc!
Your transformation has ended.
Your +4 dagger unmelds from your body.
Your +1 hat unmelds from your body.
You hit the orc priest. You grab the orc priest.
The orc priest is moderately wounded.
You constrict the orc priest.
The orc priest hits you with a +0 flail!
You die...

#.# #.# #.# ###.#
.... ... .># #.#
#.. #o# #.# #.# #@#
#.# #.# #.# #.#
#.########'## #.#
#...........# ##.#
#...........#
.#.####...........#
.#.#..............#
.#.....#########+##
.....#..#


You could see an orc priest.

Vanquished Creatures
  An orc priest (D:3)
  3 adders
  2 dart slugs
  7 orcs (D:3)
  3 bats
  3 endoplasms
  A giant cockroach (D:2)
  3 hobgoblins
  3 quokkas
  2 ball pythons (D:3)
  A frilled lizard (D:2)
  4 goblins
  4 kobolds
  5 rats
42 creatures vanquished.

Notes
Turn   | Place    | Note
-------+----------+-------------------------------------------
     0 | D:1      | avis the Octopode Transmuter began the quest for the Orb.
     0 | D:1      | Reached XP level 1. HP: 13/13 MP: 3/3
   120 | D:1      | Found a faded altar of an unknown god.
   385 | D:1      | Reached XP level 2. HP: 17/18 MP: 3/5
   625 | D:1      | Learned a level 2 spell: Wereblood
   811 | D:2      | Found a basalt altar of Yredelemnul.
   848 | D:2      | Reached XP level 3. HP: 8/23 MP: 6/6
   934 | D:2      | Learned a level 3 spell: Spider Form
  1174 | D:2      | Reached skill level 1 in Stealth
  1644 | D:3      | Reached XP level 4. HP: 25/29 MP: 4/7
  1658 | D:3      | Reached skill level 1 in Poison Magic
  2087 | D:3      | Slain by an orc priest

Illustrated notes

Levels and vault maps discovered:
D:1:      dreamdust_arrival_beginning_and_end, layout_loops_ring,
          dreamdust_ecumenical_altar_grove
D:2:      layout_basic, basic_altar
D:3:      layout_basic

Skill      XL: |  1  2  3  4 |
---------------+-------------+-----
Stealth        | 1 |  1.7
Poison Magic   | 1 |  1.1
Fighting       | 2 |  2.0
Dodging        | |  2.5
Unarmed Combat | |  3.4
Spellcasting   | |  2.5
Transmutations | |  2.7

Action                     |  1- 3 |  4- 6 || total
---------------------------+-------+-------++-------
  Melee: Unarmed           |    55 |    16 ||    71
         Kick              |    17 |     4 ||    21
         Constrict         |    13 |     5 ||    18
         Tentacles         |     8 |     1 ||     9
         Punch             |     2 |       ||     2
         Dagger            |       |    10 ||    10
   Cast: Beastly Appendage |    30 |     5 ||    35
         Spider Form       |     1 |     1 ||     2
   Stab: Sleeping          |     4 |       ||     4
 Armour: Skin              |     3 |       ||     3
  Dodge: Dodged            |    26 |    13 ||    39

Table legend: (Time is in decaauts)
 A = Elapsed time spent in this place.
 B = Non-inter-level travel time spent in this place.
 C = Inter-level travel time spent in this place.
 D = Time resting spent in this place.
 E = Time spent auto-exploring this place.
 F = Levels seen in this place.
 G = Mean time per level.
                   A        B        C        D        E       F      G
               +--------+--------+--------+--------+--------+-----+--------+
         Total |   2082 |   1822 |    260 |    373 |   1017 |   3 |  694.0 |
       Dungeon |   2082 |   1822 |    260 |    373 |   1017 |   3 |  694.0 |
               +--------+--------+--------+--------+--------+-----+--------+

Top non-repeatable levels by time:
     D:2: 826 daAuts
     D:1: 781 daAuts
     D:3: 474 daAuts
